[ AOE2 MATCH · #505970175 ]
UnrankedSlavs vs Vikings
Player's team · LOSS
Rival team · WIN
[ REPLAY ANALYSIS · EXTRACTED FROM THE RECORDED GAME ]
Feudal
9:43
Castle
18:29
Imperial
37:44
| APM avg | 100.2 |
| APM peak | 169 |
| eAPM avg | 57.7 |
| Villagers / military | 395 / 440 |
Focus
⚔️ 52.4% · 🌾 47.6%
Militia ×169 · Scout Cavalry ×118 · Knight ×69 · Scorpion ×33 · Spearman ×17 · Skirmisher ×12
Feudal
10:05
Castle
19:24
Imperial
39:40
| APM avg | 118.5 |
| APM peak | 199 |
| eAPM avg | 80.4 |
| Villagers / military | 175 / 472 |
Focus
⚔️ 77.3% · 🌾 22.7%
Spearman ×173 · Berserk ×98 · Knight ×65 · Archer ×54 · Trebuchet (Packed) ×35 · Scout Cavalry ×17
Match map
Initial resources + every placement click. Lines = walls · curves = elevation contours. ◆ gold · ⬟ stone · ● berries · ✦ relic · ◌ wall gap
Your base· Open — opponent sealed themselves in
DS_StonePleaseAoE's base· ✓ Closed at 19:24 · 49t walls · 1 gate(s)
Smoothed initial terrain · ◌ = detected wall gap · hover for details
Inputs per minute
— wR.Lucho - - DS_StonePleaseAoE
Build order — wR.Lucho
First 150 of 1052 actions detected
| 0:01 | Create | Villager (Male) |
| 0:01 | Build | House |
| 0:02 | Build | House |
| 0:09 | Create | Villager (Male) |
| 0:09 | Create | Villager (Male) |
| 0:09 | Create | Villager (Male) |
| 1:25 | Create | Villager (Male) |
| 2:01 | Create | Villager (Male) |
| 2:01 | Create | Villager (Male) |
| 2:06 | Build | Lumber Camp |
| 2:26 | Create | Villager (Male) |
| 2:27 | Create | Villager (Male) |
| 2:27 | Create | Villager (Male) |
| 3:16 | Create | Villager (Male) |
| 3:17 | Create | Villager (Male) |
| 3:53 | Build | Mill |
| 4:02 | Build | House |
| 4:07 | Create | Villager (Male) |
| 4:08 | Create | Villager (Male) |
| 4:09 | Create | Villager (Male) |
| 4:24 | Build | Mill |
| 4:38 | Build | Palisade Wall |
| 4:48 | Build | Palisade Wall |
| 4:50 | Build | Palisade Wall |
| 4:50 | Build | Palisade Wall |
| 4:52 | Create | Villager (Male) |
| 4:54 | Build | Palisade Wall |
| 5:15 | Create | Villager (Male) |
| 5:34 | Build | House |
| 5:42 | Create | Villager (Male) |
| 5:56 | Build | Palisade Wall |
| 6:07 | Create | Villager (Male) |
| 6:19 | Build | Farm |
| 6:32 | Build | Palisade Wall |
| 6:35 | Create | Villager (Male) |
| 7:01 | Build | Palisade Wall |
| 7:06 | Create | Villager (Male) |
| 7:33 | Research | Feudal Age |
| 8:21 | Create | Villager (Male) |
| 8:31 | Build | Barracks |
| 8:48 | Create | Villager (Male) |
| 9:43 | Age | Feudal Age |
| 9:45 | Research | Double-Bit Axe |
| 9:47 | Build | Archery Range |
| 9:57 | Research | Horse Collar |
| 10:02 | Create | Villager (Male) |
| 10:27 | Create | Skirmisher |
| 10:28 | Build | Farm |
| 10:39 | Build | Farm |
| 10:44 | Create | Skirmisher |
| 10:50 | Create | Villager (Male) |
| 10:55 | Create | Villager (Male) |
| 10:58 | Build | Farm |
| 11:05 | Build | Farm |
| 11:12 | Create | Skirmisher |
| 11:27 | Build | Farm |
| 11:37 | Build | Farm |
| 11:38 | Create | Villager (Male) |
| 11:39 | Create | Skirmisher |
| 11:52 | Build | Farm |
| 12:02 | Build | Farm |
| 12:08 | Create | Skirmisher |
| 12:08 | Create | Villager (Male) |
| 12:12 | Build | House |
| 12:24 | Build | Farm |
| 12:32 | Create | Villager (Male) |
| 12:34 | Build | Farm |
| 12:46 | Create | Villager (Male) |
| 12:55 | Build | Mining Camp |
| 13:07 | Build | Farm |
| 13:18 | Create | Villager (Male) |
| 13:30 | Build | Lumber Camp |
| 13:33 | Research | Loom |
| 13:53 | Build | Palisade Wall |
| 13:56 | Build | Palisade Wall |
| 14:14 | Create | Villager (Male) |
| 14:24 | Build | Blacksmith |
| 14:42 | Build | Palisade Wall |
| 14:43 | Create | Villager (Male) |
| 14:47 | Build | Farm |
| 14:52 | Build | Palisade Wall |
| 15:00 | Build | Farm |
| 15:03 | Create | Villager (Male) |
| 15:04 | Build | Farm |
| 15:30 | Build | Farm |
| 15:42 | Build | Farm |
| 15:49 | Research | Castle Age |
| 15:50 | Research | Castle Age |
| 16:00 | Build | House |
| 16:10 | Create | Skirmisher |
| 16:10 | Create | Skirmisher |
| 16:20 | Research | Gold Mining |
| 16:20 | Research | Gold Mining |
| 16:28 | Build | Stable |
| 16:42 | Research | Fletching |
| 16:51 | Create | Skirmisher |
| 17:08 | Research | Padded Archer Armor |
| 17:24 | Create | Skirmisher |
| 17:42 | Create | Skirmisher |
| 17:44 | Create | Villager (Male) |
| 17:56 | Create | Villager (Male) |
| 18:03 | Create | Skirmisher |
| 18:23 | Create | Villager (Male) |
| 18:25 | Create | Villager (Male) |
| 18:29 | Age | Castle Age |
| 18:31 | Research | Elite Skirmisher (upgrade) |
| 18:32 | Research | Bodkin Arrow |
| 18:37 | Build | Town Center |
| 18:44 | Create | Knight |
| 18:44 | Create | Knight |
| 18:45 | Create | Skirmisher |
| 19:19 | Create | Villager (Male) |
| 19:20 | Research | Bow Saw |
| 19:32 | Create | Villager (Male) |
| 19:37 | Build | House |
| 19:38 | Build | House |
| 19:39 | Build | House |
| 19:46 | Build | House |
| 19:46 | Build | House |
| 19:47 | Research | Town Watch |
| 19:48 | Research | Town Watch |
| 20:02 | Create | Villager (Male) |
| 20:03 | Build | Farm |
| 20:04 | Build | Farm |
| 20:05 | Build | Farm |
| 20:15 | Create | Villager (Male) |
| 20:19 | Build | Farm |
| 20:21 | Create | Villager (Male) |
| 20:30 | Research | Wheelbarrow |
| 20:30 | Research | Wheelbarrow |
| 20:37 | Build | Farm |
| 20:43 | Create | Villager (Male) |
| 20:43 | Create | Villager (Male) |
| 20:49 | Create | Knight |
| 20:53 | Build | Monastery |
| 20:57 | Create | Knight |
| 21:01 | Create | Villager (Male) |
| 21:13 | Create | Knight |
| 21:37 | Create | Monk |
| 21:38 | Create | Villager (Male) |
| 21:50 | Create | Villager (Male) |
| 21:53 | Create | Villager (Male) |
| 21:54 | Build | Farm |
| 21:57 | Create | Villager (Male) |
| 22:00 | Create | Villager (Male) |
| 22:01 | Build | Farm |
| 22:01 | Create | Villager (Male) |
| 22:09 | Build | Town Center |
| 22:13 | Create | Knight |
| 22:16 | Research | Scale Barding Armor |
Build order — DS_StonePleaseAoE
First 150 of 860 actions detected
| 0:00 | Create | Villager (Male) |
| 0:00 | Create | Villager (Male) |
| 0:01 | Create | Villager (Male) |
| 0:01 | Create | Villager (Male) |
| 0:02 | Build | House |
| 0:04 | Build | House |
| 1:15 | Build | House |
| 1:29 | Create | Villager (Male) |
| 1:29 | Create | Villager (Male) |
| 2:05 | Create | Villager (Male) |
| 2:05 | Create | Villager (Male) |
| 2:05 | Create | Villager (Male) |
| 2:37 | Create | Villager (Male) |
| 2:38 | Create | Villager (Male) |
| 2:53 | Build | Barracks |
| 3:13 | Create | Villager (Male) |
| 3:30 | Create | Villager (Male) |
| 3:32 | Build | House |
| 3:51 | Create | Militia |
| 3:51 | Create | Militia |
| 4:02 | Create | Villager (Male) |
| 4:07 | Build | House |
| 4:14 | Create | Villager (Male) |
| 4:35 | Create | Militia |
| 4:46 | Create | Villager (Male) |
| 4:46 | Create | Villager (Male) |
| 5:16 | Create | Villager (Male) |
| 5:35 | Create | Villager (Male) |
| 6:04 | Create | Villager (Male) |
| 6:05 | Create | Villager (Male) |
| 6:24 | Create | Villager (Male) |
| 6:36 | Build | Lumber Camp |
| 7:00 | Create | Villager (Male) |
| 7:06 | Research | Loom |
| 7:46 | Research | Feudal Age |
| 7:47 | Research | Feudal Age |
| 8:09 | Build | Palisade Gate |
| 8:16 | Build | Lumber Camp |
| 8:28 | Create | Villager (Male) |
| 8:33 | Build | House |
| 8:52 | Build | Mining Camp |
| 8:58 | Build | House |
| 9:28 | Build | Mill |
| 9:54 | Build | House |
| 9:57 | Build | Palisade Wall |
| 10:05 | Age | Feudal Age |
| 10:10 | Build | Archery Range |
| 10:14 | Research | Double-Bit Axe |
| 10:24 | Build | Archery Range |
| 10:26 | Build | Palisade Wall |
| 10:35 | Build | Palisade Wall |
| 10:37 | Create | Villager (Male) |
| 10:38 | Create | Villager (Male) |
| 10:39 | Build | Farm |
| 10:46 | Build | Palisade Wall |
| 10:54 | Build | Palisade Wall |
| 11:01 | Create | Villager (Male) |
| 11:01 | Create | Villager (Male) |
| 11:20 | Build | Palisade Wall |
| 11:24 | Build | Farm |
| 11:25 | Build | Farm |
| 11:31 | Create | Villager (Male) |
| 11:39 | Build | Palisade Wall |
| 11:56 | Build | Farm |
| 11:57 | Build | Farm |
| 11:59 | Create | Villager (Male) |
| 12:00 | Create | Villager (Male) |
| 12:01 | Build | Palisade Wall |
| 12:06 | Build | House |
| 12:10 | Build | Palisade Wall |
| 12:19 | Create | Villager (Male) |
| 12:20 | Create | Villager (Male) |
| 12:26 | Build | Farm |
| 12:36 | Build | Farm |
| 12:48 | Create | Villager (Male) |
| 12:49 | Create | Villager (Male) |
| 12:58 | Build | Palisade Wall |
| 13:02 | Build | Palisade Wall |
| 13:04 | Build | Farm |
| 13:06 | Create | Villager (Male) |
| 13:17 | Build | Farm |
| 13:23 | Create | Archer |
| 13:30 | Create | Villager (Male) |
| 13:30 | Create | Villager (Male) |
| 13:34 | Build | Farm |
| 13:47 | Build | Palisade Wall |
| 13:47 | Build | House |
| 13:52 | Create | Archer |
| 13:54 | Build | Farm |
| 13:55 | Create | Villager (Male) |
| 13:55 | Create | Villager (Male) |
| 13:55 | Create | Villager (Male) |
| 14:30 | Build | Palisade Wall |
| 14:35 | Build | Farm |
| 14:43 | Build | Blacksmith |
| 14:46 | Create | Villager (Male) |
| 14:49 | Create | Archer |
| 15:14 | Build | House |
| 15:18 | Create | Villager (Male) |
| 15:48 | Build | House |
| 15:49 | Create | Villager (Male) |
| 15:51 | Build | Palisade Wall |
| 16:00 | Research | Horse Collar |
| 16:26 | Build | House |
| 16:41 | Build | Stable |
| 16:44 | Research | Castle Age |
| 16:45 | Research | Castle Age |
| 16:56 | Build | House |
| 16:59 | Build | House |
| 17:11 | Build | House |
| 17:22 | Build | Farm |
| 17:23 | Build | Farm |
| 17:23 | Build | Farm |
| 17:28 | Build | Farm |
| 17:30 | Create | Scout Cavalry |
| 17:31 | Create | Scout Cavalry |
| 17:46 | Build | Farm |
| 17:48 | Build | Farm |
| 17:52 | Create | Villager (Male) |
| 17:55 | Build | House |
| 18:12 | Create | Scout Cavalry |
| 18:13 | Research | Scale Barding Armor |
| 18:26 | Build | House |
| 18:46 | Build | Farm |
| 18:47 | Create | Villager (Male) |
| 19:21 | Create | Scout Cavalry |
| 19:22 | Research | Forging |
| 19:22 | Research | Forging |
| 19:24 | Age | Castle Age |
| 19:28 | Create | Villager (Male) |
| 19:30 | Build | Monastery |
| 19:38 | Research | Light Cavalry (upgrade) |
| 19:38 | Research | Light Cavalry (upgrade) |
| 19:49 | Build | House |
| 19:50 | Build | House |
| 20:08 | Research | Chain Barding Armor |
| 20:08 | Research | Chain Barding Armor |
| 20:10 | Create | Villager (Male) |
| 20:22 | Build | Farm |
| 20:35 | Create | Monk |
| 20:35 | Create | Monk |
| 20:43 | Research | Bow Saw |
| 20:43 | Research | Bow Saw |
| 20:47 | Create | Villager (Male) |
| 20:50 | Create | Scout Cavalry |
| 21:01 | Build | House |
| 21:10 | Create | Villager (Male) |
| 21:16 | Build | Town Center |
| 21:18 | Create | Scout Cavalry |
| 21:41 | Create | Villager (Male) |
Match timeline
| 2:53 | DS_StonePleaseAoE · first_building Barracks |
| 4:38 | wR.Lucho · wall_segment Palisade Wall x1 |
| 4:48 | wR.Lucho · wall_segment Palisade Wall x1 |
| 4:50 | wR.Lucho · wall_segment Palisade Wall x1 |
| 4:50 | wR.Lucho · wall_segment Palisade Wall x1 |
| 4:54 | wR.Lucho · wall_segment Palisade Wall x4 |
| 5:56 | wR.Lucho · wall_segment Palisade Wall x4 |
| 6:32 | wR.Lucho · wall_segment Palisade Wall x3 |
| 7:01 | wR.Lucho · wall_segment Palisade Wall x1 |
| 8:31 | wR.Lucho · first_building Barracks |
| 9:43 | wR.Lucho · age_up feudal |
| 9:47 | wR.Lucho · first_building Archery Range |
| 9:57 | DS_StonePleaseAoE · wall_segment Palisade Wall x3 |
| 10:05 | DS_StonePleaseAoE · age_up feudal |
| 10:10 | DS_StonePleaseAoE · first_building Archery Range |
| 10:26 | DS_StonePleaseAoE · wall_segment Palisade Wall x4 |
| 10:35 | DS_StonePleaseAoE · wall_segment Palisade Wall x9 |
| 10:46 | DS_StonePleaseAoE · wall_segment Palisade Wall x12 |
| 10:54 | DS_StonePleaseAoE · wall_segment Palisade Wall x8 |
| 11:20 | DS_StonePleaseAoE · wall_segment Palisade Wall x4 |
| 11:39 | DS_StonePleaseAoE · wall_segment Palisade Wall x4 |
| 12:01 | DS_StonePleaseAoE · wall_segment Palisade Wall x1 |
| 12:10 | DS_StonePleaseAoE · wall_segment Palisade Wall x4 |
| 12:58 | DS_StonePleaseAoE · wall_segment Palisade Wall x1 |
| 13:02 | DS_StonePleaseAoE · wall_segment Palisade Wall x1 |
| 13:47 | DS_StonePleaseAoE · wall_segment Palisade Wall x1 |
| 13:53 | wR.Lucho · wall_segment Palisade Wall x2 |
| 13:56 | wR.Lucho · wall_segment Palisade Wall x1 |
| 14:30 | DS_StonePleaseAoE · wall_segment Palisade Wall x1 |
| 14:42 | wR.Lucho · wall_segment Palisade Wall x12 |
| 14:52 | wR.Lucho · wall_segment Palisade Wall x8 |
| 15:51 | DS_StonePleaseAoE · wall_segment Palisade Wall x1 |
| 16:28 | wR.Lucho · first_building Stable |
| 16:41 | DS_StonePleaseAoE · first_building Stable |
| 18:29 | wR.Lucho · age_up castle |
| 19:24 | DS_StonePleaseAoE · age_up castle |
| 19:30 | DS_StonePleaseAoE · first_building Monastery |
| 20:53 | wR.Lucho · first_building Monastery |
| 22:25 | DS_StonePleaseAoE · wall_segment Palisade Wall x1 |
| 23:23 | wR.Lucho · wall_segment Palisade Wall x1 |
| 23:24 | wR.Lucho · wall_segment Palisade Wall x1 |
| 23:42 | wR.Lucho · wall_segment Palisade Wall x1 |
| 26:38 | DS_StonePleaseAoE · first_market_sell 100 wood |
| 26:57 | wR.Lucho · wall_segment Palisade Wall x1 |
| 26:58 | wR.Lucho · wall_segment Palisade Wall x1 |
| 26:59 | wR.Lucho · wall_segment Palisade Wall x1 |
| 31:43 | wR.Lucho · first_building Castle |
| 32:38 | DS_StonePleaseAoE · first_market_buy 100 stone |
| 32:48 | DS_StonePleaseAoE · first_building Castle |
| 33:33 | DS_StonePleaseAoE · first_building Siege Workshop |
| 36:07 | wR.Lucho · first_building Siege Workshop |
| 36:39 | wR.Lucho · first_market_sell 100 food |
| 37:23 | DS_StonePleaseAoE · wall_segment Stone Wall x1 |
| 37:30 | DS_StonePleaseAoE · wall_segment Stone Wall x1 |
| 37:44 | wR.Lucho · age_up imperial |
| 38:34 | DS_StonePleaseAoE · wall_segment Stone Wall x1 |
| 39:40 | DS_StonePleaseAoE · age_up imperial |
| 39:43 | DS_StonePleaseAoE · wall_segment Stone Wall x1 |
| 39:44 | DS_StonePleaseAoE · wall_segment Stone Wall x1 |
| 41:49 | wR.Lucho · first_market_buy 100 food |
| 42:13 | wR.Lucho · wall_segment Stone Wall x1 |
| 45:53 | DS_StonePleaseAoE · wall_segment Stone Wall x1 |
| 59:03 | DS_StonePleaseAoE · wall_segment Palisade Wall x1 |
| 59:25 | DS_StonePleaseAoE · wall_segment Palisade Wall x1 |
| 64:47 | wR.Lucho · resign |
[ AI ANALYSIS · 1 CREDIT ]
What really happened in this match?
Wolo.gg analyzes every decision: build order, eco, micro, common mistakes by bracket. Personalized analysis on WhatsApp or Discord in 30 seconds.
Civ guide
Slavs
Perfil
Jugador #9423131